[Event "*** SCC Grand Prix: Titled Tuesday Blitz"]
[Site "Chess.com"]
[Date "2020.07.14"]
[Round "6"]
[White "marabu44"]
[Black "LuckSlayeer"]
[Result "0-1"]
[WhiteElo "2245"]
[BlackElo "2403"]
[TimeControl "180+1"]
[EndTime "11:08:19 PDT"]
[Termination "LuckSlayeer won by resignation"]

1. Nf3 d5 2. d4 Nf6 3. c4 e6 4.
Nc3 Be7 5. cxd5 exd5 6. Qc2 O-O 7.
Bg5 h6 8. Bh4 c6 9. e3 Re8 10.
Bd3 Ne4 11. Bxe7 Qxe7 12. Bxe4 dxe4 13. Ne5 Nd7 14. Nxd7 Bxd7 15. O-O Bf5 16. Rad1 Qg5 17. Kh1 h5 18. d5 h4 19. h3 Rac8 20. dxc6 Rxc6 21.
Rd5 Rg6 22. Rg1 Qf6 23. Qe2 Qe6 24. Kh2 Rg5 25. Qb5 b6 26. Ne2 a6 27. Qb3 Qc6 28. Nf4 Qc7 29. Kh1 Rd8 30. Rgd1 Rxd5 31. Qxd5 Kh7 32.
Qd6 Qc2 33. Qd2 Qc4 34. Qc3 Qa4 35. Qb3 Qxb3 36. axb3 Bc8 37. Rd5 Rxd5 38. Nxd5 b5 39. Kg1 f6 40. Kf1 Bb7 41. Ne7 g6 42. Ke2 Kg7 43. Kd2 Kf7 44. Nxg6 Kxg6 45. Kc3 Kf5 46. Kd4 Bc8 47. Kc5 Ke5 48. Kc6 f5 49. Kc7 Be6 50.
Kb6 Bxb3 51. Kxa6 Bc4 52. Kb6 Bf1 53. g3 hxg3 54. fxg3 Bxh3 55. Kxb5 Bf1+ 56. Kc5 Kf6 57. b4 Kg5 58. Kd5 Kg4 59. Ke5 Bb5 60. Kf6 Bd7 61.
Ke5 Kxg3 62. Kd6 Bb5 63. Kc5 Bd3 64. b5 Bxb5 65. Kxb5 Kf3 0-1

[Event "*** SCC Grand Prix: Titled Tuesday Blitz"]
[Site "Chess.com"]
[Date "2020.07.14"]
[Round "6"]
[White "Schandenfreude"]
[Black "Carnivoras"]
[Result "0-1"]
[WhiteElo "2451"]
[BlackElo "2611"]
[TimeControl "180+1"]
[EndTime "11:08:20 PDT"]
[Termination "Carnivoras won on time"]

1. Nf3 Nf6 2. b3 g6 3. Bb2 Bg7 4. c4 O-O 5. g3 b6 6. Bg2 Bb7 7.
O-O c5 8. Nc3 Nc6 9. d4 cxd4 10.
Nxd4 Qc8 11. Nxc6 Bxc6 12. Bxc6 dxc6 13. Qc2 Qh3 14. f3 Rfd8 15. Rfd1 Bh6 16. Bc1 Bg7 17. Be3 Nh5 18. Bf2 Qe6 19. Rxd8+ Rxd8 20. Rd1 Rxd1+ 21. Nxd1 Qd6 22. Qd3 Qxd3 23. exd3 e5 24. Kf1 Kf8 25. Ke2 Ke7 26. Ne3 Nf6 27. Nc2 c5 28. b4 Kd6 29. b5 Ne8 30. a4 Nc7 31. Ne3 f5 32.
Nc2 Ne6 33. Be3 Bf6 34. Kf2 Bg5 35. Bxg5 Nxg5 36. Ke3 Ne6 37. Kd2 Nd4 38. Nxd4 cxd4 39. Kc2 g5 40. g4 f4 41. Kb3 Kc5 42. Ka3 e4 43. dxe4 Kxc4 44. Kb2 Kb4 45. Kc2 Kxa4 46. e5 Kxb5 47. Kd3 Kc6 48. Kxd4 a5 49. Ke4 a4 50. Kf5 a3 51. e6 a2 52. e7 Kd7 0-1

[Event "*** SCC Grand Prix: Titled Tuesday Blitz"]
[Site "Chess.com"]
[Date "2020.07.14"]
[Round "6"]
[White "kassablanca"]
[Black "Sanyura"]
[Result "0-1"]
[WhiteElo "2615"]
[BlackElo "2484"]
[TimeControl "180+1"]
[EndTime "11:08:23 PDT"]
[Termination "Sanyura won by checkmate"]

1. d4 Nf6 2. Nf3 g6 3. g3 Bg7 4.
Bg2 O-O 5. O-O d6 6. a4 Nbd7 7. a5 e5 8. dxe5 dxe5 9. a6 c6 10. axb7 Bxb7 11. Nc3 c5 12. Nd2 Bxg2 13. Kxg2 Qb6 14.
Nc4 Qb7+ 15. Kg1 Rfd8 16. Qe1 h6 17. Be3 Ng4 18. Qc1 Nb6 19. Na5 Qc8 20. Kg2 Kh7 21.
h3 Nf6 22. Rd1 Nfd5 23. Nxd5 Nxd5 24. Bd2 Qf5 25. Ra4 Nb6 26. Ra3 Qe4+ 27. f3 Qxe2+ 28. Kg1 e4 29. fxe4 Bd4+ 30. Kh1 Qxe4+ 31. Kh2 Qe2+ 32.
Kh1 Be5 33. Re1 Qxd2 34. Qxd2 Rxd2 35. Rxe5 Rxc2 36. Rf3 f5 37. Re7+ Kg8 38. g4 Rd8 39. Rf1 Rdd2 40. Rfe1 f4 41. Nc6 Rh2+ 42. Kg1 Rcg2+ 43.
Kf1 f3 44. Re8+ Kf7 45. R1e7+ Kf6 46. Rf8+ Kg5 47. Re5+ Kh4 48. Rxf3 Rxb2 49. Kg1 Rhg2+ 50. Kf1 Rgc2 51. Re1 Rh2 52. Kg1 Rbg2+ 53. Kf1 Rg3 54. Rf2 Rh1+ 55. Ke2 Rxe1+ 56. Kxe1 Rxh3 57. Ke2 Kxg4 58. Ne5+ Kh5 59. Nd3 g5 60. Nxc5 Nd5 61. Nd7 Nc3+ 62.
Kf1 Ne4 63. Rf7 Rh1+ 64. Kg2 Re1 65. Rf3 Re2+ 66. Kg1 Kg4 67. Rf8 Ng3 68. Nf6+ Kh3 69. Nd5 Rg2# 0-1

[Event "*** SCC Grand Prix: Titled Tuesday Blitz"]
[Site "Chess.com"]
[Date "2020.07.14"]
[Round "6"]
[White "AlexSuv"]
[Black "ferdipy"]
[Result "1/2-1/2"]
[WhiteElo "2531"]
[BlackElo "2336"]
[TimeControl "180+1"]
[EndTime "11:08:23 PDT"]
[Termination "Game drawn - insufficient material"]

1. d4 Nf6 2. Nf3 e6 3. c4 Bb4+ 4. Bd2 Qe7 5. g3 Nc6 6. Bg2 Bxd2+ 7. Qxd2 Ne4 8. Qc2 Qb4+ 9. Nbd2 Nxd2 10. Qxd2 Qxc4 11.
O-O Qb4 12. Qf4 d6 13. b3 O-O 14. Rac1 Bd7 15. e3 a5 16. Rc4 Qb5 17. Ng5 h6 18. Ne4 a4 19. Nc3 Qb6 20. Rxa4 Nb4 21. Rxa8 Rxa8 22.
d5 e5 23. Qc4 Na6 24. a4 Nc5 25. Rb1 f5 26. Bf1 Rf8 27. Nb5 f4 28. exf4 exf4 29. b4 Nxa4 30. Qxc7 fxg3 31. Qxb6 gxh2+ 32. Kxh2 Nxb6 33.
Nxd6 Rxf2+ 34. Kg1 Rd2 35. Nxb7 Nxd5 36. Nc5 Bf5 37. Re1 g5 38. Bc4 Kg7 39. Re5 Nb6 40. Bb3 Kf6 41. Re8 g4 42. Rf8+ Kg5 43. Be6 Bxe6 44. Ne4+ Kh4 45. Nxd2 Nd5 46. Re8 Bf7 47. Rh8 h5 48. b5 g3 49. Ne4 Kg4 50. b6 Nxb6 51.
Rh7 Bc4 52. Nf6+ Kh4 53. Nxh5 Kg5 54. Nxg3 Nd5 55. Rb7 Nf4 56. Ne4+ Kf5 57. Nd2 Bd5 58. Kf2 Bxb7 59. Ke3 Bc6 60. Nc4 Nd5+ 61. Kd4 Ke6 62. Kc5 Ba8 63. Kd4 Ne7 64. Ne3 Bd5 65. Nxd5 1/2-1/2

[Event "*** SCC Grand Prix: Titled Tuesday Blitz"]
[Site "Chess.com"]
[Date "2020.07.14"]
[Round "6"]
[White "Ucitelot"]
[Black "korkmaz16"]
[Result "1-0"]
[WhiteElo "2508"]
[BlackElo "2325"]
[TimeControl "180+1"]
[EndTime "11:08:24 PDT"]
[Termination "Ucitelot won by resignation"]

1. c4 c6 2. g3 d5 3. Bg2 Nf6 4. Nf3 g6 5. b3 Bg7 6. Bb2 O-O 7. O-O Bf5 8. d3 Re8 9. Nbd2 a5 10. a3 Qb6 11. Rc1 Nbd7 12. cxd5 cxd5 13. Qc2 e5 14. Qc7 Qa6 15. Nxe5 Nxe5 16. Bxe5 Rac8 17. Qd6 Qxd6 18. Bxd6 Rxe2 19. Rxc8+ Bxc8 20. Nf3 Bf5 21. Nd4 Rb2 22. Nxf5 gxf5 23. Rc1 h6 24. Bh3 Ng4 25. Rc8+ Kh7 26. Bxg4 fxg4 27. Rc7 Rxb3 28. Rxf7 Kg6 29. Rf4 h5 30. Kg2 Rxd3 31. h3 gxh3+ 32. Kxh3 Rd4 33.
Rf3 Rc4 34. Rb3 Rc6 35. Bf4 b6 36. Kg2 Kf5 37. Rb5 Ke6 38. Be3 d4 39. Bf4 d3 40.
Rxh5 Rc2 41. Be3 Bd4 42. Kf3 d2 43. Rh1 Bxe3 44. Kxe3 Rc1 45. Rh6+ Kd5 46. Kxd2 Ra1 47. Rxb6 Rxa3 48. Ke2 a4 49. g4 Ra2+ 50. Kf3 Ra1 51. g5 a3 52. Ra6 a2 53. Kf4 Kc5 54. Kf5 Kb5 55. Ra8 Kb4 56. g6 Kb3 57. f4 Rg1 58.
Kf6 a1=Q+ 59. Rxa1 Rxa1 60. g7 Ra8 61. f5 Kc4 62.
Kg6 Kd5 63. f6 Ke6 64. f7 Ke7 65. g8=Q Ra6+ 66. Kg7 1-0

[Event "*** SCC Grand Prix: Titled Tuesday Blitz"]
[Site "Chess.com"]
[Date "2020.07.14"]
[Round "6"]
[White "Stosk"]
[Black "aloe_normansen"]
[Result "0-1"]
[WhiteElo "2311"]
[BlackElo "2226"]
[TimeControl "180+1"]
[EndTime "11:08:24 PDT"]
[Termination "aloe_normansen won by resignation"]

1. e4 c5 2. Nf3 d6 3. d4 cxd4 4. Nxd4 Nf6 5. Nc3 a6 6. Bg5 e6 7.
Qd2 h6 8. Bh4 Be7 9. Bg3 b5 10.
f3 Bb7 11. O-O-O Nbd7 12. h4 b4 13. Na4 d5 14. e5 Nh5 15. Bh2 Bxh4 16. Kb1 Bg3 17.
f4 Bxh2 18. Rxh2 Ng3 19. Bd3 Qa5 20. b3 O-O-O 21. Qe3 Ne4 22. Bxe4 dxe4 23. g4 Nc5 24. Nxc5 Qxc5 25. Rhd2 Rd7 26. c3 bxc3 27. Rc1 Kb8 28. Rxc3 Qb4 29. Rc4 Qa5 30. Rdc2 Rhd8 31. Nc6+ Bxc6 32.
Rxc6 Rd1+ 33. Kb2 Kb7 34. R6c5 Qb6 35. Qxe4+ Kb8 36. Qc4 R1d2 37. Rc8+ Kb7 38. Rxd8 Rxd8 39. a4 Rd7 40. a5 Qd4+ 41. Qxd4 Rxd4 42. Rc4 Rxc4 43.
bxc4 Kc6 44. Kc3 Kc5 45. f5 g6 46. fxe6 fxe6 47. Kd3 h5 48. gxh5 gxh5 49. Ke4 Kxc4 50. Kf4 Kd5 51. Kg5 Kxe5 52. Kxh5 Kd4 53. Kg4 e5 54.
Kf3 Kd3 55. Kf2 e4 56. Ke1 Ke3 57. Kd1 Kf2 58. Kd2 e3+ 0-1

[Event "*** SCC Grand Prix: Titled Tuesday Blitz"]
[Site "Chess.com"]
[Date "2020.07.14"]
[Round "6"]
[White "Msb2"]
[Black "Rish_97"]
[Result "1-0"]
[WhiteElo "2888"]
[BlackElo "2684"]
[TimeControl "180+1"]
[EndTime "11:08:25 PDT"]
[Termination "Msb2 won by resignation"]

1. d4 Nf6 2. c4 e6 3. Nc3 Bb4 4. e3 O-O 5. Bd2 d5 6. Nf3 b6 7. cxd5 exd5 8. Bd3 Ba6 9. Bxa6 Nxa6 10.
O-O Re8 11. Ne5 Bf8 12. f4 c5 13. Be1 cxd4 14. exd4 Ne4 15. Qb3 Nxc3 16. bxc3 f6 17. Nd3 Re3 18. Rd1 Qd7 19. f5 Nc7 20. Bg3 Bd6 21. Nf4 Qxf5 22. Nh5 Qe6 23. Nf4 Qf7 24.
Qc2 Rae8 25. Qf5 Rxc3 26. Qg4 Rc4 27. Nh5 Be7 28. Rde1 Kh8 29. Bxc7 Rxc7 30. Nf4 Bd6 31. Rxe8+ Qxe8 32. Nxd5 Rd7 33. Qf3 Bf8 34. h3 Qd8 35. Nf4 Rxd4 36. Ne6 Qd5 37. Nxd4 Qxd4+ 38. Qf2 Bc5 39. Qxd4 Bxd4+ 40. Kh2 Kg8 41. Rd1 Be5+ 42. Kg1 h5 43. Rd7 a5 44. a4 Kh7 45. Kf2 Kg6 46.
Kf3 Kf5 47. Rxg7 Bd4 48. Rb7 Ke5 49. Rh7 Kd5 50. Rxh5+ Kc4 51. Rb5 Bc5 52. h4 Kd5 53.
h5 Ke6 54. g4 f5 55. Kf4 fxg4 56. Kxg4 Kf6 57. Rb1 Kg7 58. Rd1 Kf6 59. Rf1+ Kg7 60. Re1 Kf6 61. Re2 Kg7 62. Kg5 Kf7 63. h6 Kg8 64. Kg6 1-0

[Event "*** SCC Grand Prix: Titled Tuesday Blitz"]
[Site "Chess.com"]
[Date "2020.07.14"]
[Round "6"]
[White "Xeniya2005"]
[Black "Munkhzul_Turmunkh"]
[Result "1/2-1/2"]
[WhiteElo "2390"]
[BlackElo "2545"]
[TimeControl "180+1"]
[EndTime "11:08:25 PDT"]
[Termination "Game drawn by repetition"]

1. e4 c5 2. Be2 e5 3. Nc3 Nc6 4. d3 Be7 5. f4 d6 6. Nf3 Nf6 7. O-O O-O 8. f5 d5 9. Bg5 dxe4 10. dxe4 b6 11. Bxf6 Bxf6 12. Nd5 Bb7 13. c3 Qd6 14.
Qc2 Ne7 15. Nxe7+ Qxe7 16. Rfd1 Rad8 17. Bc4 Bg5 18. Qe2 Qf6 19. Bd5 Bxd5 20. Rxd5 Rxd5 21. exd5 Qxf5 22. Qxe5 Qxe5 23. Nxe5 Re8 24. Nf3 Bf6 25.
Kf2 Kf8 26. Rd1 Rd8 27. Rd2 c4 28. Ne1 Ke7 29. Nc2 Kd7 30. Ne3 Bg5 31. Rd4 Bxe3+ 32. Kxe3 b5 33. a4 a6 34. axb5 axb5 35. Rf4 f6 36. Kd4 Kd6 37. Re4 Rb8 38. Re6+ Kd7 39. Ra6 g6 40. Rxf6 Re8 41. Rf7+ Kd6 42. Rf6+ Kd7 43.
Rb6 Re2 44. Rxb5 Rxg2 45. Kxc4 Rxh2 46. Kc5 g5 47. Rb7+ Kc8 48. Kc6 Rh6+ 49. d6 Rxd6+ 50.
Kxd6 Kxb7 51. Ke5 h5 52. Kf5 g4 53. Kf4 Kc6 54. b4 Kb5 55. Kg3 Kc4 56. Kh4 Kd5 57. Kg3 Ke5 58. b5 Kd5 59. c4+ Kc5 60. Kh4 Kd6 61. Kg3 Kc5 62. Kh4 Kb6 63. Kg3 Kc5 1/2-1/2

[Event "*** SCC Grand Prix: Titled Tuesday Blitz"]
[Site "Chess.com"]
[Date "2020.07.14"]
[Round "6"]
[White "MustafayevFarid2004"]
[Black "pirulillo"]
[Result "1-0"]
[WhiteElo "2359"]
[BlackElo "2149"]
[TimeControl "180+1"]
[EndTime "11:08:25 PDT"]
[Termination "MustafayevFarid2004 won on time"]

1. d4 Nf6 2. c4 g6 3. Nc3 Bg7 4. g3 O-O 5. Bg2 d6 6. Nf3 Nc6 7. O-O a6 8. b3 Rb8 9. Bb2 b5 10. cxb5 axb5 11. Rc1 Bd7 12. d5 Na7 13. Nd4 e5 14.
dxe6 fxe6 15. e4 b4 16. Nce2 e5 17. Nc2 Bb5 18. Ne3 c5 19. f4 exf4 20. gxf4 Bc6 21. e5 dxe5 22. fxe5 Ne4 23. Qxd8 Rfxd8 24. Bxe4 Bxe4 25.
Rcd1 Nc6 26. Ng3 Bd3 27. Rf2 Bxe5 28. Ng4 Bxb2 29. Rxb2 Kg7 30. Rbd2 h5 31. Rxd3 Rxd3 32. Rxd3 hxg4 33. Rd7+ Kh6 34. Rc7 Nd4 35. Rxc5 Re8 36. Rc4 Nf3+ 37. Kg2 Re1 38. Rxg4 Ra1 39. Rxb4 Ng5 40.
a4 Ra2+ 41. Kf1 Nf3 42. a5 Rd2 43. Rf4 Nxh2+ 44. Ke1 Ra2 45. a6 Rxa6 46. Rh4+ Kg5 47. Rxh2 Rb6 48. Rb2 Kg4 49. Nf1 g5 50. Nd2 Re6+ 51.
Kd1 Kh3 52. b4 g4 53. Nf1 g3 54. Rb3 Rd6+ 55. Kc1 Rg6 56. Rxg3+ Rxg3 57. Nxg3 Kg4 58. b5 Kxg3 59. b6 1-0

[Event "*** SCC Grand Prix: Titled Tuesday Blitz"]
[Site "Chess.com"]
[Date "2020.07.14"]
[Round "6"]
[White "Omk124"]
[Black "pastouche06"]
[Result "1-0"]
[WhiteElo "2390"]
[BlackElo "2527"]
[TimeControl "180+1"]
[EndTime "11:08:26 PDT"]
[Termination "Omk124 won on time"]

1. e4 c6 2. c4 d5 3. exd5 Nf6 4. Nc3 cxd5 5. cxd5 Nxd5 6. Nf3 Nc6 7. Bb5 g6 8.
Qb3 Be6 9. Ng5 Qd7 10. O-O Nc7 11. Nxe6 Nxe6 12. Re1 Bg7 13. Qd5 O-O-O 14. Qxd7+ Rxd7 15. d3 Nc5 16. Bg5 f6 17. Be3 Nxd3 18. Red1 Rhd8 19. Rd2 f5 20. Rad1 Nxb2 21. Rxd7 Rxd7 22. Rxd7 Kxd7 23. Nd5 e6 24. Nb4 a6 25. Bxc6+ bxc6 26. Nxa6 Kd6 27. Kf1 Kd5 28. Nb4+ Kd6 29. Ke2 c5 30. Nd3 Bd4 31. Nxb2 Bxb2 32. Kd3 Kd5 33. f3 c4+ 34. Kc2 Bd4 35. Bd2 c3 36. Bxc3 Bg1 37. h3 e5 38.
Kd3 e4+ 39. fxe4+ fxe4+ 40. Ke2 Kc4 41. Be1 Bc5 42. Bf2 Bd6 43. Bb6 Bf4 44. Be3 Bc7 45. Bd2 Bb6 46. g4 Bc5 47. Be1 Bb6 48. Bf2 Bc7 49.
Ba7 Bf4 50. Bb6 Bd6 51. Ke3 Kd5 52. a4 Be7 53. a5 Bg5+ 54. Ke2 Kc6 55. Be3 Bd8 56.
Bd2 Kb5 57. Be1 Bg5 58. Bc3 Bf4 59. Bd2 g5 60. Be1 Ka6 61. Bc3 h6 62. Bd2 1-0

[Event "*** SCC Grand Prix: Titled Tuesday Blitz"]
[Site "Chess.com"]
[Date "2020.07.14"]
[Round "6"]
[White "Fandorine"]
[Black "Undisputed92"]
[Result "1-0"]
[WhiteElo "2943"]
[BlackElo "2627"]
[TimeControl "180+1"]
[EndTime "11:08:28 PDT"]
[Termination "Fandorine won on time"]

1. e4 e5 2. Nf3 Nc6 3. Bc4 Nf6 4. d3 Bc5 5. Nbd2 O-O 6. h3 Re8 7. c3 a6 8. Bb3 d5 9. exd5 Nxd5 10. Ne4 Bf8 11. O-O f6 12. Re1 Be6 13. Bc2 Qd7 14. Ng3 Bf7 15. Nh4 Rad8 16. Bd2 g6 17. Nf3 Bg7 18. Ne4 b6 19. a4 a5 20. Qc1 Nce7 21.
Bh6 Nf5 22. Bd2 Nd6 23. Qd1 h6 24. Qe2 Kh7 25. Qf1 f5 26. Ng3 Qc6 27. Rac1 Re7 28. Red1 Rde8 29. Ne2 Qb7 30. d4 e4 31. Ne5 Bxe5 32. dxe5 Rxe5 33. Be1 Nf6 34. b3 Nd5 35.
c4 Nb4 36. Bc3 R5e7 37. Bb1 e3 38. f3 Qc6 39. Qe1 Qc5 40. Bd4 Qc6 41. Qh4 Qd7 42. Qf6 Rg8 43. Ba1 Qe6 44. Qd4 Nc6 45. Qf4 g5 46. Qh2 Bg6 47. h4 g4 48. Nf4 Qf7 49. h5 Bxh5 50. Qxh5 Qxh5 51. Nxh5 gxf3 52. Nf6+ Kg6 53.
Nxg8 f2+ 54. Kh2 Re4 55. Rf1 Rh4+ 56. Kg3 Rg4+ 57. Kf3 Ne4 58. Bxe4 Rxe4 59. g4 Rxg4 60. Kxe3 1-0

[Event "*** SCC Grand Prix: Titled Tuesday Blitz"]
[Site "Chess.com"]
[Date "2020.07.14"]
[Round "6"]
[White "LubovMarkelova"]
[Black "elamier"]
[Result "0-1"]
[WhiteElo "2177"]
[BlackElo "2311"]
[TimeControl "180+1"]
[EndTime "11:08:28 PDT"]
[Termination "elamier won by resignation"]

1. Nf3 d5 2. d4 Nf6 3. c4 c6 4. e3 Bf5 5. cxd5 cxd5 6. Nc3 Nc6 7. Ne5 Bd7 8. Bd3 e6 9. f4 Be7 10. O-O O-O 11. Bd2 a6 12. Rc1 Ne8 13. Qh5 g6 14. Qh6 Ng7 15. Rf3 Nxe5 16. fxe5 Bg5 17.
Qh3 Rc8 18. Rcf1 Bc6 19. Ne2 Nf5 20. Bxf5 exf5 21. Nf4 Bb5 22. Re1 Qd7 23. Qg3 Bxf4 24. Qxf4 Rc2 25. Bc3 Bd3 26. Rh3 Be4 27. Rg3 f6 28. h4 fxe5 29. dxe5 Qe6 30. h5 Rc8 31. hxg6 hxg6 32. Qh6 f4 33. exf4 Bf5 34. Rf1 Rc7 35.
Qg5 Kg7 36. Qd8 Rd7 37. Qf6+ Qxf6 38. exf6+ Kf7 39. Re1 d4 40. Bb4 Kxf6 41. a3 Rxb2 42. Rf3 d3 43. Rd1 Kf7 44. Bc3 Rc2 45. Bb4 Bg4 46. Rff1 Bxd1 47. Rxd1 d2 48. Kf2 b6 49. Ke2 a5 50. Bxd2 Rcxd2+ 51. Rxd2 Rxd2+ 52. Kxd2 b5 53. Kc3 Ke6 54. Kd4 Kf5 55. Kc5 b4 56. axb4 axb4 57.
Kxb4 Kxf4 58. Kc3 Kg3 59. Kd2 Kxg2 60. Ke2 g5 61. Ke3 g4 62. Ke2 g3 63. Ke1 Kh2 64.
Kf1 g2+ 0-1

[Event "*** SCC Grand Prix: Titled Tuesday Blitz"]
[Site "Chess.com"]
[Date "2020.07.14"]
[Round "6"]
[White "ikhasu"]
[Black "shav3184"]
[Result "0-1"]
[WhiteElo "2408"]
[BlackElo "2294"]
[TimeControl "180+1"]
[EndTime "11:08:29 PDT"]
[Termination "shav3184 won by checkmate"]

1. e4 e5 2. Nf3 Nc6 3. d4 exd4 4. Nxd4 Nf6 5. Nxc6 bxc6 6. e5 Qe7 7. Qe2 Nd5 8.
h4 Qe6 9. c4 Nb6 10. b3 a5 11. g3 a4 12. Bh3 Bb4+ 13. Kf1 Qe7 14. Bb2 axb3 15. axb3 Rxa1 16. Bxa1 O-O 17. Nd2 d5 18. exd6 Qxd6 19. Bxc8 Nxc8 20. Ne4 Qe6 21. Qf3 Nd6 22. Ng5 Qg6 23. Kg2 h6 24. Nh3 c5 25. Nf4 Qc2 26. Nd5 Ne4 27. Ne3 Qd3 28. Bxg7 Nd2 29. Qg4 Re8 30. Bf6+ Qg6 31. Qxg6+ fxg6 32.
Rd1 Nxb3 33. Bb2 Nd2 34. Bc1 Ne4 35. Rd7 c6 36. Bb2 Kf8 37. Ng4 Re7 38. Nxh6 Rxd7 39. Ng4 Rd2 40. h5 Rc2 41. hxg6 Rxb2 42. g7+ Kxg7 43.
Ne5 Rxf2+ 44. Kh3 Rc2 45. Nxc6 Rc3 46. Nxb4 cxb4 47. Kg4 Rxc4 48. Kf4 Nxg3+ 49. Ke5 Rc3 50. Kd5 b3 51. Kd4 b2 52. Kxc3 b1=Q 53. Kc4 Qe4+ 54. Kc5 Kf6 55. Kd6 Qe5+ 56. Kd7 Ne4 57. Kd8 Qc5 58.
Ke8 Qc8# 0-1

[Event "*** SCC Grand Prix: Titled Tuesday Blitz"]
[Site "Chess.com"]
[Date "2020.07.14"]
[Round "6"]
[White "mfwagnerpeixoto"]
[Black "plumalka"]
[Result "1/2-1/2"]
[WhiteElo "2243"]
[BlackElo "2404"]
[TimeControl "180+1"]
[EndTime "11:08:29 PDT"]
[Termination "Game drawn by agreement"]

1. d4 Nf6 2. Nf3 c5 3. e3 g6 4. Be2 Bg7 5. O-O b6 6. c4 cxd4 7. exd4 d5 8. Nc3 O-O 9. cxd5 Nxd5 10. Ne5 Bb7 11. Bf3 e6 12. Re1 Nd7 13. Nxd5 Bxd5 14. Bxd5 exd5 15. Nc6 Qc7 16. Ne7+ Kh8 17. Nxd5 Qd6 18. Nc3 Qxd4 19. Qxd4 Bxd4 20. Rd1 Bxc3 21. bxc3 Nc5 22. Be3 Na4 23. Rd7 Kg8 24. Bd4 Rfc8 25.
Rc1 Rc4 26. h3 Rac8 27. Re1 Nxc3 28.
Bxc3 Rxc3 29. Ree7 Rf8 30. Rxa7 Rc1+ 31. Kh2 Rc6 32. Rab7 Rf6 33. f3 Ra8 34. Ra7 Rc8 35.
Rac7 Rf8 36. Rb7 h5 37. Kg3 Kg7 38. Rec7 Ra8 39. Ra7 Rd8 40. Rd7 Rxd7 41. Rxd7 b5 42. Rb7 Ra6 43. Rxb5 Rxa2 44. h4 Ra4 45. Rb3 Kf6 46.
Rb6+ Kg7 47. Rb3 Rc4 48. Rb5 Kh6 49. Rb7 Kg7 50. Rb6 Rc5 51. Rb7 Rf5 52. Rb6 Kh6 53.
Rb7 f6 54. Rf7 g5 55. hxg5+ Kxg5 56. Rb7 Kg6 57. Rb8 Rg5+ 58. Kf2 Rc5 59. Kg3 Rc1 60. Rg8+ Kf5 61. Rh8 Rh1 62. Rg8 h4+ 63. Kf2 Kf4 64. Rg4+ Kf5 65. Re4 h3 66. gxh3 Rxh3 67. Kg2 Rh8 68. Rg4 Rb8 69. Rc4 Rb3 70. Kg3 1/2-1/2

[Event "*** SCC Grand Prix: Titled Tuesday Blitz"]
[Site "Chess.com"]
[Date "2020.07.14"]
[Round "6"]
[White "Angry_Twin"]
[Black "Sibelephant"]
[Result "0-1"]
[WhiteElo "2766"]
[BlackElo "3130"]
[TimeControl "180+1"]
[EndTime "11:08:30 PDT"]
[Termination "Sibelephant won by checkmate"]

1. e4 c5 2. Nf3 a6 3. g3 d5 4.
exd5 Qxd5 5. Bg2 Qe6+ 6. Kf1 Nc6 7. Nc3 Nf6 8. d3 Qd6 9. Kg1 Bg4 10. h3 Bh5 11. Bg5 e6 12. Qd2 Be7 13. Bxf6 gxf6 14. Re1 f5 15. Qh6 Bg6 16. h4 Bf8 17. Qd2 Bh5 18. Qg5 Bxf3 19. Bxf3 Be7 20. Qd2 O-O-O 21. Ne2 Rhg8 22. Bg2 Bf6 23. Nc3 Bd4 24. Kf1 Ne5 25.
Nd1 Ng4 26. Rh3 Kb8 27. Qe2 f4 28. Qf3 Rd7 29. Qxf4 Qxf4 30. gxf4 h5 31. Bf3 Bf6 32. b3 Bd8 33. Ne3 Rd4 34. Ng2 Bc7 35. Re4 Rdd8 36. Bxg4 Rxg4 37. Rg3 Rdg8 38. Rxg4 Rxg4 39. f3 Rg3 40. Kf2 Rh3 41. f5 Bg3+ 42. Kg1 exf5 43. Re8+ Ka7 44. Re7 c4 45. Rxf7 Be5 46. Kf2 Bd4+ 47.
Ke2 Rh2 48. Kf1 Rh1+ 49. Ke2 Rh2 50. Kf1 c3 51. Rxf5 Rh1+ 52. Ke2 Rc1 53. Ne3 Rh1 54. Ng2 Rc1 55. Ne3 Rg1 56. Rf4 Be5 57. Rf5 Bg3 58. Rxh5 Re1# 0-1

[Event "*** SCC Grand Prix: Titled Tuesday Blitz"]
[Site "Chess.com"]
[Date "2020.07.14"]
[Round "6"]
[White "White_Ghost"]
[Black "Arjun2002"]
[Result "0-1"]
[WhiteElo "2497"]
[BlackElo "2666"]
[TimeControl "180+1"]
[EndTime "11:08:30 PDT"]
[Termination "Arjun2002 won by checkmate"]

1. d4 d5 2. c4 c6 3. cxd5 cxd5 4. Bf4 Nc6 5. e3 Nf6 6. Nc3 Bg4 7. Be2 Bxe2 8. Ngxe2 e6 9. Qb3 Qd7 10. O-O Be7 11. Rac1 O-O 12. Qa4 a6 13. Qc2 Rfc8 14. a3 Na5 15. Qa4 Qd8 16. Rfd1 Nc4 17. Qc2 b5 18.
Qb1 Qd7 19. Rc2 Rc6 20. Nc1 Bxa3 21. Nd3 Bd6 22. Bxd6 Qxd6 23. Nc5 Nd7 24. Nxd7 Qxd7 25. Qa2 Rac8 26. Rdc1 g6 27. h3 Nxe3 28. fxe3 b4 29.
Nxd5 exd5 30. Rxc6 Rxc6 31. Rc5 Rd6 32. Qb3 Qb7 33. Qc2 Rd7 34. Qf2 Rc7 35. Qf4 Re7 36. Kf2 Kg7 37. Kg1 Qd7 38. Rc2 Qe6 39. Re2 Qe4 40. Qf3 Qxf3 41. gxf3 Rc7 42. Kf2 f5 43. e4 fxe4 44. fxe4 dxe4 45. Rxe4 Rc2+ 46. Kf3 Rxb2 47. Re6 a5 48. Ra6 Ra2 49. d5 b3 50. Ke4 a4 51. d6 Re2+ 52. Kd5 b2 53. Rb6 a3 54. d7 Rd2+ 55. Ke6 Rxd7 56. Kxd7 a2 57. Rxb2 a1=Q 58. Re2 Qd4+ 59. Ke6 Qd3 60. Re5 Qxh3+ 61. Kd6 h5 62. Rd5 Qg3+ 63. Kc6 h4 64. Rc5 h3 65. Kb6 h2 66. Rd5 Qg1+ 67. Kc6 h1=Q 68. Kd7 Qxd5+ 69. Ke7 Qe3# 0-1

[Event "*** SCC Grand Prix: Titled Tuesday Blitz"]
[Site "Chess.com"]
[Date "2020.07.14"]
[Round "6"]
[White "Anton_Demchenko"]
[Black "Chigorinetz"]
[Result "0-1"]
[WhiteElo "2802"]
[BlackElo "2526"]
[TimeControl "180+1"]
[EndTime "11:08:30 PDT"]
[Termination "Chigorinetz won on time"]

1. d4 d5 2. Nf3 Nc6 3. Bf4 Bg4 4. Nbd2 e6 5. e3 Bd6 6. Bg3 Nf6 7. c4 O-O 8. Be2 dxc4 9. Nxc4 Bb4+ 10. Nfd2 Bxe2 11.
Qxe2 Ne4 12. a3 Nxd2 13. axb4 Nxc4 14. Qxc4 a6 15. O-O Qd5 16. Qc3 Rfc8 17. b3 Na7 18. Rfc1 Nb5 19. Qd3 h6 20. h3 c6 21. Rc5 Qd7 22.
Rac1 Re8 23. Qe2 Rad8 24. Bf4 Qe7 25. Qg4 Kh7 26. Be5 f6 27. Bg3 Qf7 28. h4 Qg6 29. Qf3 Rd5 30. h5 Qd3 31. Qg4 Re7 32. Bh4 Nd6 33. Bg3 Nf7 34. R5c3 Qf5 35. Qxf5+ Rxf5 36. Rc5 e5 37. d5 cxd5 38. Rxd5 Rxh5 39. b5 axb5 40. Rxb5 Kg6 41. f3 e4 42. Rxh5 Kxh5 43. Rc5+ g5 44. Kf2 Kg6 45. f4 f5 46. Rb5 Nd8 47.
Ke2 Kf7 48. Rb6 Re6 49. Rb5 Kf6 50. b4 Rc6 51. Kd2 Rd6+ 52. Ke2 Ra6 53. fxg5+ hxg5 54. Be1 Ra2+ 55. Kf1 Ke6 56. Bc3 Rc2 57. Bg7 f4 58.
Rxg5 fxe3 59. Re5+ Kf7 60. Bh6 Rf2+ 61. Ke1 Rxg2 62.
Bxe3 Rg4 63. Rb5 Ke6 64. Kf2 Kd6 65. Rh5 Ne6 0-1

[Event "*** SCC Grand Prix: Titled Tuesday Blitz"]
[Site "Chess.com"]
[Date "2020.07.14"]
[Round "6"]
[White "aliba25"]
[Black "RodinMihail"]
[Result "1/2-1/2"]
[WhiteElo "2600"]
[BlackElo "2458"]
[TimeControl "180+1"]
[EndTime "11:08:30 PDT"]
[Termination "Game drawn by stalemate"]

1. d4 d5 2. c4 e6 3. Nc3 c6 4. e3 Nf6 5. Nf3 Nbd7 6. Bd3 Bd6 7.
O-O O-O 8. e4 dxc4 9. Bxc4 e5 10. Bg5 Qe7 11. Re1 Rd8 12. d5 Nf8 13. Qb3 h6 14. Bh4 Ng6 15. Bg3 Nh5 16. Rad1 Bg4 17. Be2 Ngf4 18. dxc6 bxc6 19. Qc2 Qf6 20. Na4 Nxe2+ 21.
Qxe2 Bb4 22. Rf1 Bxf3 23. Qxf3 Qxf3 24. gxf3 g5 25. Bxe5 Be7 26. Rxd8+ Rxd8 27. Rc1 f6 28. Bg3 Rd4 29. b3 Rd2 30. Rxc6 Rxa2 31. Rc7 Bb4 32. Rxa7 Be1 33. Ra8+ Kf7 34. Nb6 Rb2 35. Ra7+ Kg6 36.
Nd7 Nf4 37. Ra6 Bxf2+ 38. Bxf2 Rb1+ 39. Be1 Rxe1+ 40. Kf2 Re2+ 41. Kf1 Rxh2 42. Rxf6+ Kg7 43. e5 Rd2 44. Nc5 h5 45. Ne4 Rd1+ 46. Kf2 h4 47.
Nxg5 h3 48. Rxf4 h2 49. Rh4 h1=Q 50. Rxh1 Rxh1 51. f4 Kg6 52. Ne4 Rb1 53. Nd6 Rxb3 54. f5+ Kg5 55. f6 Kg6 56. f7 Kg7 57. e6 Kf8 58.
Nf5 Rb7 59. Kf3 Rb3+ 60. Kf4 Rb4+ 61. Ke5 Re4+ 62. Kf6 Rxe6+ 63. Kxe6 1/2-1/2